 Dungeon Crawl Stone Soup version 0.29-a0-582-ge82337ba6a (webtiles) character file.

Game seed: 594276904062097355

2943 spiderkeys the Ducker (level 9, -3/62 HPs)
             Began as an Octopode Transmuter on June 15, 2022.
             Slain by a killer bee (9 damage)
             ... on level 7 of the Dungeon.
             The game lasted 00:11:59 (9174 turns).

spiderkeys the Ducker (Octopode Transmuter)         Turns: 9174, Time: 00:11:59

Health: -3/62      AC:  1    Str: 15    XL:     9   Next: 80%
Magic:  16/16      EV: 15    Int: 20    God:
Gold:   242        SH:  0    Dex: 12    Spells: 8/18 levels left

rFire   . . .      SeeInvis .   t - +7 Throatcutter {drain, coup de grace}
rCold   . . .      Faith    .   (no shield)
rNeg    . . .      Spirit   .   (helmet currently unavailable)
rPois   +          Reflect  .   (no amulet)
rElec   .          Harm     .   S - +6 ring of strength
rCorr   .          Rampage  .   P - ring of poison resistance
Will    .....                   Z - ring of wizardry
Stlth   ++........              (no ring)
HPRegen 0.20/turn               (no ring)
MPRegen 0.15/turn               (no ring)
                                (no ring)
                                (no ring)

@: appendages
A: tentacle spike 3, almost no armour, amphibious, 8 rings, camouflage 1,
gelatinous body 1, (nimble swimmer 1), tentacles
a: End Transformation


You were on level 7 of the Dungeon.
One of your tentacles had grown a beastly spike.
You visited 2 branches of the dungeon, and saw 8 of its levels.

You collected 242 gold pieces.


Innate Abilities, Weirdness & Mutations

One of your tentacles has grown a beastly spike.
You cannot wear most types of armour.
You are amphibious.
You can wear up to eight rings at the same time.
Your skin changes colour to match your surroundings (Stealth+).
Your rubbery body absorbs attacks. (AC +1, EV +1)
((You are camouflaged when in or above water. (Stealth+)))
You have tentacles for arms and can constrict up to eight enemies at once.


   Skills:
 + Level 6.1 Fighting
 + Level 6.4 Dodging
 - Level 6.0 Unarmed Combat
 - Level 5.0 Spellcasting
 + Level 6.4 Transmutations
 + Level 3.0 Ice Magic


You had 8 spell levels left.
You knew the following spells:

 Your Spells              Type           Power      Damage    Failure   Level
b - Beastly Appendage     Tmut           60%        N/A       1%          1
f - Frozen Ramparts       Ice            34%        1d5       4%          3
i - Ice Form              Ice/Tmut       23%        N/A       7%          4
w - Wereblood             Tmut           30%        N/A       1%          2

Your spell library contained the following spells:

 Spells                   Type           Power      Damage    Failure   Level
 Spider Form              Tmut/Pois      17%        N/A       4%          3
 Summon Ice Beast         Ice/Summ       11%        N/A       24%         4
 Animate Dead             Necr           5%         N/A       41%         4
 Haunt                    Necr/Summ      2%         N/A       100%        7
 Infestation              Necr           2%         N/A       100%        8

Inventory:

Hand Weapons
 t - the +7 Throatcutter (weapon) {drain, coup de grace}
   (You found it on level 6 of the Dungeon)

   A truly terrible weapon, it drains the life of any living foe it strikes.
   It may instantly kill foes which have little health.
Missiles
 e - 90 stones
 u - 4 curare-tipped darts {=f}
 v - 6 poisoned darts
Jewellery
 P - a ring of poison resistance (right tentacle)
   (You found it on level 2 of the Dungeon)
 S - a +6 ring of strength (left tentacle)
   (You found it on level 1 of the Dungeon)
 Z - a ring of wizardry (on tentacle)
   (You found it on level 6 of the Dungeon)
Wands
 l - a wand of polymorph (10)
   (You took it off Grinder on level 5 of the Dungeon)
 n - a wand of mindburst (1)
   (You took it off Ijyb on level 3 of the Dungeon)
 r - a wand of iceblast (22)
   (You found it on level 4 of the Dungeon)
Scrolls
 b - 3 scrolls of vulnerability {!r!r}
 c - 4 scrolls of teleportation {@r4}
 d - a scroll of poison
 h - 2 scrolls of fog
 i - a scroll of amnesia
 q - 3 scrolls of enchant weapon
 w - a scroll of noise {!r}
 y - a scroll of enchant armour {unknown}
 z - a scroll of magic mapping {!r}
Potions
 a - a potion of lignification {!q}
 f - 3 potions of might
 g - a potion of haste {@q3}
 j - a potion of attraction {unknown}
 k - 2 potions of flight
 m - 2 potions of brilliance
 o - 2 potions of invisibility
 p - 2 potions of degeneration {!q}

Dungeon Overview and Level Annotations

Branches:
Dungeon (7/15)             Temple (1/1) D:5

Altars:
Ashenzari
Cheibriados
Dithmenos
Elyvilon
Fedhas
Hepliaklqana
Kikubaaqudgha
Makhleb
Nemelex Xobeh
Okawaru
Qazlal
Ru
Sif Muna
Trog
Uskayaw
Vehumet
Wu Jian
Xom
Yredelemnul
Zin
The Shining One

#.......####..#
#.[.....# ###.#######
#.......###.......... ..
########....#....####...
#....####...#####.##
#.##..........).....
#.....##..........#
####.†##...)......#
#..@#..))......#
#.#.y....).....#
..........†....##
.....##..........#
......##..........##
......#.<...........#
..................#.#
####..#..........#.# .
#........##..##.#..


You could see a killer bee.


Message History

You are too injured to fight recklessly!
You are too injured to fight recklessly!
Things that are here:
a +0 club; a +0 leather armour; an orc corpse
Casting: Beastly Appendage (safe; 1% risk of failure)
Confirm with . or Enter, or press ? or * to list all spells.
One of your tentacles grows a vicious spike. 😮 MP[-1]
You lost 1 mp, and now have 15/16 mp.
You slash the hound!
You behead the hound!
You kill the hound! 😮 HP[+1]
You see here a hound corpse.
Key pressed, stopping explore.
Unknown command. 😮 HP[+5] MP[+1]
You regained 5 hp, and now have 46/62 hp.
Your mp is fully restored (16).
Your transformation is almost over.
Your tentacle spike disappears.
Key pressed, stopping explore.
j - a silvery potion 😎 HP[+16]
Your hp is fully restored (62).
Things that are here:
a +0 hand axe; an orc skeleton
Things that are here:
a +0 whip; an orc skeleton
Found a stone staircase leading down.
You now have 242 gold pieces (gained 13).
Key pressed, stopping explore.
A killer bee comes into view. x2
The killer bee moves out of view.
A killer bee is nearby!
A killer bee comes into view.
One of your tentacles grows a vicious spike.
The killer bee buzzes angrily.
The killer bee stings you.
The killer bee barely misses you. 😕 HP[-3] MP[-1]
You take 3 damage, and now have 59/62 hp.
You lost 1 mp, and now have 15/16 mp.
The killer bee buzzes angrily.
You hit the killer bee. You grab the killer bee.
You pierce the killer bee, but do no damage.
You squeeze the killer bee! You constrict the killer bee.
You kill the killer bee!
You see here a killer bee corpse. 😕 HP[+1]
You miss the killer bee. Your grab misses the killer bee.
Your tentacle spike misses the killer bee.
You squeeze the killer bee, but do no damage.
The killer bee stings you. The killer bee barely misses you.
The killer bee stings you. x2; The killer bee stings you! x2
* * * LOW HITPOINT WARNING * * *
😨 HP[-34]
You take 34 damage, and now have 26/62 hp.
MASSIVE DAMAGE!! (PAUSE)
You miss the killer bee. Your grab misses the killer bee.
Your tentacle spike misses the killer bee.
You squeeze the killer bee. The killer bee stings you!
* * * LOW HITPOINT WARNING * * *
The killer bee barely misses you. The killer bee closely misses you.
The killer bee stings you.
* * * LOW HITPOINT WARNING * * *
The killer bee stings you.
* * * LOW HITPOINT WARNING * * *
The killer bee stings you!
* * * LOW HITPOINT WARNING * * *
You are lethally poisoned!
The killer bee poisons you! 😱 HP[-22] MP[+1]
You take 22 damage, and now have 4/62 hp.
MASSIVE DAMAGE!! (PAUSE)
Your mp is fully restored (16).
You feel much better.
You feel sick. The killer bee closely misses you. The killer bee stings you!
* * * LOW HITPOINT WARNING * * *
The killer bee stings you!
* * * LOW HITPOINT WARNING * * *
The killer bee barely misses you. 😱 HP[+2]
You regained 2 hp, and now have 6/62 hp.
You feel better. The killer bee barely misses you. x2
The killer bee completely misses you. The killer bee misses you. 😨 HP[+11]
You regained 11 hp, and now have 17/62 hp.
Okay, then.
You slash the killer bee! You drain the killer bee.
You kill the killer bee!
The killer bee stings you!
* * * LOW HITPOINT WARNING * * *
The killer bee completely misses you. The killer bee stings you.
* * * LOW HITPOINT WARNING * * *
Your Ice Magic skill increases to level 3! 😱 HP[-11]
You take 11 damage, and now have 6/62 hp.
You miss the killer bee. Your grab misses the killer bee.
Your tentacle spike misses the killer bee.
Your squeeze misses the killer bee. The killer bee stings you!
You die...

Skill      XL: |  1  2  3  4  5  6  7  8  9 |
---------------+----------------------------+-----
Fighting       | 2 3 4 5 6 |  6.1
Transmutations | 3 4 5 6 |  6.4
Dodging        | 3 4 5 6 |  6.4
Spellcasting   | 3 4 5 |  5.0
Unarmed Combat | 4 5 6 |  6.0
Ice Magic      | 3 |  3.0

Action                   |  1- 3 |  4- 6 |  7- 9 || total
-------------------------+-------+-------+-------++-------
Melee: Unarmed           |    52 |   111 |    86 ||   249
       Tentacles         |    10 |    20 |    32 ||    62
       Constrict         |    15 |    26 |    41 ||    82
       Kick              |    14 |    37 |    46 ||    97
       Punch             |     1 |     5 |     9 ||    15
       Long sword        |       |       |    58 ||    58
 Cast: Beastly Appendage |    23 |    30 |    24 ||    77
       Wereblood         |       |     3 |     5 ||     8
Evoke: Wand              |       |       |     5 ||     5
  Use: Scroll            |     5 |       |     9 ||    14
       Potion            |       |     3 |     3 ||     6
 Stab: Sleeping          |    10 |    11 |     1 ||    22
Armor: Skin              |     8 |     7 |     6 ||    21
Dodge: Dodged            |    23 |    49 |   113 ||   185

Levels and vault maps discovered:
D:1:      minmay_arrival_floating_metal, layout_basic,
          ebering_ecumenical_altar_webs, minivault_23
D:2:      layout_loops_corners, kennysheep_crisscross, solitary_fountain
D:3:      layout_basic, uniq_ijyb
D:4:      layout_loops_ring, lemuel_round_altar, nicolae_wormholes
D:5:      layout_rooms, minmay_temple_entry_mist, serial_bayou_crossing,
          uniq_grinder
D:6:      layout_loops_ring, nicolae_tso_carved_into_rock,
          grunt_temple_overflow_open, dilly_guarded_unrand_throatcut
D:7:      layout_rooms
Temple:   minmay_temple_curvy_branch

Notes
Turn   | Place    | Note
-------+----------+-------------------------------------------
     0 | D:1      | spiderkeys the Octopode Transmuter began the quest for the
                  | Orb.
     0 | D:1      | Reached XP level 1. HP: 13/13 MP: 3/3
     0 | D:1      | magus.rc [v1.11.3]
   342 | D:1      | Reached XP level 2. HP: 18/18 MP: 3/5
   452 | D:1      | You pick up a book of Rime and begin reading...
   452 | D:1      | You add the spells Frozen Ramparts and Summon Ice Beast to
                  | your library.
  1210 | D:1      | Found a faded altar of an unknown god.
  1280 | D:2      | Reached XP level 3. HP: 19/23 MP: 4/6
  1791 | D:2      | Learned a level 2 spell: Wereblood
  2008 | D:2      | Reached XP level 4. HP: 22/29 MP: 5/7
  2025 | D:2      | Reached skill level 2 in Fighting
  2894 | D:3      | You pick up a book of Rime and begin reading...
  2908 | D:3      | Reached XP level 5. HP: 34/34 MP: 6/8
  3154 | D:3      | Noticed Ijyb
  3173 | D:3      | Killed Ijyb
  3174 | D:3      | Reached skill level 3 in Transmutations
  3575 | D:4      | Reached skill level 3 in Dodging
  3778 | D:4      | Reached skill level 3 in Spellcasting
  3778 | D:4      | Reached XP level 6. HP: 40/41 MP: 8/10
  3913 | D:4      | You pick up a book of Death and begin reading...
  3913 | D:4      | You add the spells Animate Dead, Haunt and Infestation to
                  | your library.
  3972 | D:4      | Reached skill level 4 in Unarmed Combat
  4155 | D:4      | Found an ornate altar of the Wu Jian Council.
  4317 | D:4      | Reached skill level 3 in Fighting
  4515 | D:5      | Entered Level 5 of the Dungeon
  4716 | D:5      | Reached XP level 7. HP: 25/46 MP: 9/12
  5557 | D:5      | HP: 2/46 [ice beast (13)]
  5563 | D:5      | Reached skill level 4 in Dodging
  5563 | D:5      | Reached skill level 4 in Transmutations
  6103 | D:5      | Found a staircase to the Ecumenical Temple.
  6124 | D:5      | Reached skill level 4 in Fighting
  6124 | D:5      | Reached skill level 4 in Spellcasting
  6124 | D:5      | Reached XP level 8. HP: 53/54 MP: 12/14
  6128 | D:5      | Identified the +1 ring mail of Subjectivity {Will+}
  6142 | Temple   | Entered the Ecumenical Temple
  6457 | D:5      | Reached skill level 5 in Unarmed Combat
  6511 | D:5      | Noticed Grinder
  6515 | D:5      | Killed Grinder
  6878 | D:6      | Found the +7 Throatcutter {drain, coup de grace}
  6889 | D:6      | Reached skill level 5 in Dodging
  6889 | D:6      | Reached skill level 5 in Transmutations
  6901 | D:6      | Reached skill level 5 in Fighting
  6901 | D:6      | Reached XP level 9. HP: 31/61 MP: 13/16
  6904 | D:6      | HP: 15/61 [kobold brigand/+0 dagger (7)]
  6906 | D:6      | Reached skill level 5 in Spellcasting
  7132 | D:6      | Learned a level 4 spell: Ice Form
  7317 | D:6      | Found a broken altar of Ashenzari.
  7326 | D:6      | Reached skill level 6 in Unarmed Combat
  7361 | D:6      | Found a hide-covered altar of Uskayaw.
  7363 | D:6      | Found a bloodstained altar of Trog.
  7363 | D:6      | Found a blossoming altar of Fedhas.
  7364 | D:6      | Found a burning altar of Makhleb.
  7379 | D:6      | Reached skill level 1 in Ice Magic
  7682 | D:6      | Reached skill level 2 in Ice Magic
  7826 | D:6      | Reached skill level 6 in Dodging
  7826 | D:6      | Reached skill level 6 in Transmutations
  8140 | D:6      | Learned a level 3 spell: Frozen Ramparts
  8146 | D:6      | Found a glowing golden altar of the Shining One.
  8745 | D:7      | Reached skill level 6 in Fighting
  9170 | D:7      | HP: 12/62 [killer bee (4)]
  9170 | D:7      | HP: 4/62 [killer bee (8)]
  9174 | D:7      | Reached skill level 3 in Ice Magic
  9174 | D:7      | Slain by a killer bee

Vanquished Creatures
  Grinder (D:5)
  A water moccasin (D:6)
  An ice beast (D:5)
  3 black bears
  2 ogres
  2 phantoms
  7 kobold brigands (D:6)
  4 bullfrogs
  5 scorpions
  4 wights (D:6)
  2 killer bees (D:7)
  2 jellies
  An orc priest (D:7)
  5 hounds
  Ijyb (D:3)
  3 iguanas
  An orc wizard (D:5)
  3 gnolls (D:2)
  8 adders
  3 shadow imps
  An ufetubus (D:5)
  7 worms
  5 dart slugs
  14 orcs
  3 ball pythons
  6 bats
  4 endoplasms
  5 giant cockroaches
  12 goblins
  7 hobgoblins
  4 kobolds
  5 quokkas
  2 frilled lizards (D:3)
  4 rats
138 creatures vanquished.

Table legend:
 A = Non-vault XP
 B = Vault XP
 C = Vault XP percentage of total XP
 D = Non-vault monster count
 E = Vault monster count
 F = Vault count percentage of total count
                 A         B        C        D         E       F
            +---------+---------+-------+---------+---------+-------
      Total |    3157 |    1048 |  24.9 |     124 |      14 |  10.1
            +---------+---------+-------+---------+---------+-------
        D:1 |      25 |       0 |   0.0 |      12 |       0 |   0.0
        D:2 |     110 |       0 |   0.0 |      25 |       0 |   0.0
        D:3 |      54 |      36 |  40.0 |      22 |       1 |   4.3
        D:4 |     237 |      15 |   6.0 |      10 |       3 |  23.1
        D:5 |     865 |     286 |  24.8 |      17 |       2 |  10.5
        D:6 |    1386 |     711 |  33.9 |      24 |       8 |  25.0
        D:7 |     480 |       0 |   0.0 |      14 |       0 |   0.0
            +---------+---------+-------+---------+---------+-------

Illustrated notes

Table legend:
 A = Kills in this place as a percentage of kills in entire the game.
 B = Kills by you in this place as a percentage of kills by you in the entire game.
 C = Kills by friends in this place as a percentage of kills by friends in the entire game.
 D = Other kills in this place as a percentage of other kills in the entire game.
 E = Experience gained in this place as a percentage of experience gained in the entire game.
 F = Experience gained in this place divided by the number of levels of this place that you have seen.
                   A       B       C       D       E      F
               +-------+-------+-------+-------+-------+----------------------
         Total | 100.0 | 100.0 |   N/A |   N/A | 100.0 | 525.6
       Dungeon | 100.0 | 100.0 |   N/A |   N/A | 100.0 | 600.7
               +-------+-------+-------+-------+-------+----------------------

Table legend: (Time is in decaauts)
 A = Elapsed time spent in this place.
 B = Non-inter-level travel time spent in this place.
 C = Inter-level travel time spent in this place.
 D = Time resting spent in this place.
 E = Time spent auto-exploring this place.
 F = Levels seen in this place.
 G = Mean time per level.
                   A        B        C        D        E       F      G
               +--------+--------+--------+--------+--------+-----+--------+
         Total |   9147 |   8994 |    153 |   1422 |   6500 |   8 | 1143.4 |
       Dungeon |   8893 |   8744 |    149 |   1422 |   6251 |   7 | 1270.4 |
        Temple |    254 |    250 |      4 |      0 |    249 |   1 |  254.0 |
               +--------+--------+--------+--------+--------+-----+--------+

Top non-repeatable levels by time:
     D:6: 2103 daAuts
     D:5: 1838 daAuts
     D:2: 1338 daAuts
     D:1: 1255 daAuts
     D:4: 1008 daAuts
     D:3: 901 daAuts
     D:7: 446 daAuts
  Temple: 254 daAuts
